 Dungeon Sprint DCSS version 0.27-a0-1273-gec92ba881d (webtiles) character file.

Game seed: 2415903068180446333

2219 mhtbhm the Carver (level 9, -11/82 HPs)
             Began as a Demonspawn Berserker on June 12, 2021.
             Was a High Priest of Trog.
             Mangled by a cyan ugly thing (13 damage)
             ... while paralysed
             ... in the Dungeon (Sprint IX: "|||||||||||||||||||||||||||||").
             The game lasted 00:01:34 (818 turns).

mhtbhm the Carver (Demonspawn Berserker)             Turns: 818, Time: 00:01:34

Health: -11/82     AC: 13    Str: 21    XL:     9   Next: 13%
Magic:  9/9        EV:  2    Int:  8    God:    Trog [*****.]
Gold:   0          SH:  0    Dex: 13    Spells: 8/8 levels left

rFire    . . .     SeeInvis .   a - +0 falchion
rCold    . . .     Faith    .   (no shield)
rNeg     . . .     Spirit   .   b - +1 scale mail
rPois    .         Reflect  .   (no helmet)
rElec    .         Harm     .   (no cloak)
rCorr    .         Rampage  .   (no gloves)
Will     .....     NoTele   +   k - +0 pair of boots
Stlth    +.........             (no amulet)
HPRegen  0.23/turn              l - +2 ring of evasion
MPRegen  0.11/turn              m - +2 ring of protection

@: paralysed, on berserk cooldown, slowed
A: talons 2, yellow scales 1, demonic guardian 2, spiny 1
a: Renounce Religion, Berserk, Trog's Hand, Brothers in Arms


You were in the Dungeon.
You worshipped Trog.
Trog was extremely pleased with you.
You visited 1 branch

Inventory:

Hand Weapons
 a - a +0 falchion (weapon)
Armour
 b - a +1 scale mail (worn)
 k - a +0 pair of boots (worn)
Jewellery
 l - a +2 ring of evasion (left hand)
 m - a +2 ring of protection (right hand)
Wands
 j - a wand of acid (10)
Scrolls
 h - 2 scrolls of blinking
Potions
 c - 5 potions of curing
 d - 3 potions of heal wounds
 e - a potion of haste
 f - 4 potions of magic
 g - a potion of berserk rage
 i - a potion of invisibility


   Skills:
 + Level 12.0 Fighting
 + Level 12.6 Long Blades
 + Level 6.3 Armour
 + Level 6.6 Dodging
 + Level 3.4 Stealth


You had 8 spell levels left.
You didn't know any spells.
Your spell library was empty.

Dungeon Overview and Level Annotations

Branches:
Dungeon (1/1)

Altars:
Cheibriados
Dithmenos
Elyvilon
Fedhas
Gozag
Hepliaklqana
Kikubaaqudgha
Makhleb
Nemelex Xobeh
Okawaru
Qazlal
Ru
Sif Muna
Trog
Uskayaw
Vehumet
Wu Jian
Xom
Yredelemnul
Zin
The Shining One
Beogh
Jiyva
Lugonu


Innate Abilities, Weirdness & Mutations

You have razor-sharp toenails.
You are partially covered in yellow scales. (AC +2)
A demonic guardian rushes to your aid.
You are partially covered in sharp spines.


Message History

You kill the cyan ugly thing!
Trog accepts your kill.
Your Fighting skill increases to level 12!
You have reached level 9!
Your experience leads to an increase in your attributes!
Increase (S)trength, (I)ntelligence, or (D)exterity?
You feel stronger.
Your demonic ancestry asserts itself...
Your guardian grows in power.
Unknown command.
You barely miss the cyan ugly thing. You barely miss the cyan ugly thing.
You slash the cyan ugly thing!
The cyan ugly thing is moderately wounded.
The cyan ugly thing is struck by your spines.
The cyan ugly thing kicks you! The cyan ugly thing shocks you!
* * * LOW HITPOINT WARNING * * *
You slash the cyan ugly thing!
The cyan ugly thing is heavily wounded.
The deep elf pyromancer gestures wildly while chanting.
You barely miss the cyan ugly thing.
The cyan ugly thing is heavily wounded.
The cyan ugly thing is struck by your spines.
The cyan ugly thing kicks you.
* * * LOW HITPOINT WARNING * * *
The cyan ugly thing shocks you!
* * * LOW HITPOINT WARNING * * *
A demonic guardian appears!
You barely miss the cyan ugly thing.
The cyan ugly thing is heavily wounded.
Unknown command.
You hit the cyan ugly thing.
The cyan ugly thing is heavily wounded.
You are no longer berserk.
You pass out from exhaustion.
You feel yourself slow down.
The cyan ugly thing is struck by your spines.
The cyan ugly thing kicks you!
* * * LOW HITPOINT WARNING * * *
The cyan ugly thing shocks you!
You die...

▓☼▓
▓E▓
▓.▓
▓e▓
▓°▓
▓E▓
▓.▓
▓4▓
▓@▓
▓u▓
▓H▓
▓{▓
▓.▓
▓.▓
▓.▓
▓+▓


You could see a cyan ugly thing (ally target), a manticore, a deep elf
pyromancer, 2 fire elementals and a friendly ice devil (summoned).

Vanquished Creatures
  A two-headed ogre (D)
  A deep elf pyromancer (D)
  An ugly thing (D)
  A shadow (D)
  2 yaks (D)
  A necrophage (D)
  An orc warrior (D)
  A scorpion (D)
  A howler monkey (D)
  An iguana (D)
  An adder skeleton (D)
  A bat zombie (D)
  2 giant cockroaches (D)
  A hobgoblin (D)
  A kobold (D)
  A ball python (D)
18 creatures vanquished.

Notes
Turn   | Place    | Note
-------+----------+-------------------------------------------
     0 | D        | mhtbhm the Demonspawn Berserker began the quest for the
                  | Orb.
     0 | D        | Reached XP level 1. HP: 18/18 MP: 1/1
    11 | D        | Reached ** piety under Trog
    69 | D        | Noticed an iguana
    69 | D        | Noticed a necrophage
    69 | D        | Noticed a scorpion
    74 | D        | Killed an iguana
    75 | D        | Gained mutation: You are partially covered in sharp spines.
                  | [demonic ancestry]
    75 | D        | Reached XP level 2. HP: 26/26 MP: 2/2
    75 | D        | Gained mutation: A weak demonic guardian rushes to your
                  | aid. [demonic ancestry]
    75 | D        | Reached XP level 3. HP: 32/32 MP: 3/3
    79 | D        | Killed a necrophage
    79 | D        | Reached *** piety under Trog
    80 | D        | Gained mutation: You have sharp toenails. [demonic
                  | ancestry]
    80 | D        | Reached XP level 4. HP: 39/41 MP: 4/4
   290 | D        | Killed a scorpion
   291 | D        | Reached skill level 1 in Stealth
   291 | D        | Reached XP level 5. HP: 48/48 MP: 5/5
   337 | D        | Found a snail-covered altar of Cheibriados.
   337 | D        | Found a shadowy altar of Dithmenos.
   337 | D        | Found a blossoming altar of Fedhas.
   337 | D        | Found an opulent altar of Gozag.
   338 | D        | Found a hazy altar of Hepliaklqana.
   339 | D        | Found a viscous altar of Jiyva.
   340 | D        | Found an ancient bone altar of Kikubaaqudgha.
   341 | D        | Found a corrupted altar of Lugonu.
   342 | D        | Found a burning altar of Makhleb.
   343 | D        | Found a sparkling altar of Nemelex Xobeh.
   344 | D        | Found an iron altar of Okawaru.
   345 | D        | Found a stormy altar of Qazlal.
   346 | D        | Found a sacrificial altar of Ru.
   347 | D        | Found a shimmering blue altar of Sif Muna.
   348 | D        | Found a bloodstained altar of Trog.
   349 | D        | Found a hide-covered altar of Uskayaw.
   350 | D        | Found a radiant altar of Vehumet.
   351 | D        | Found an ornate altar of the Wu Jian Council.
   352 | D        | Found a shimmering altar of Xom.
   353 | D        | Found a basalt altar of Yredelemnul.
   402 | D        | Noticed a two-headed ogre
   402 | D        | Noticed a yak
   402 | D        | Noticed an orc warrior
   402 | D        | Noticed a yak
   402 | D        | Noticed a shadow
   409 | D        | HP: 2/72 [two-headed ogre/+0 giant spiked club (23)]
   411 | D        | Killed a two-headed ogre
   411 | D        | Reached **** piety under Trog
   412 | D        | Reached skill level 10 in Fighting
   412 | D        | Reached skill level 10 in Long Blades
   412 | D        | Reached skill level 5 in Armour
   412 | D        | Reached skill level 5 in Dodging
   412 | D        | Reached XP level 6. HP: 2/60 MP: 6/6
   412 | D        | Gained mutation: You are partially covered in yellow
                  | scales. (AC +2) [demonic ancestry]
   412 | D        | Reached XP level 7. HP: 3/66 MP: 7/7
   716 | D        | Killed a yak
   723 | D        | Gained mutation: You have razor-sharp toenails. [demonic
                  | ancestry]
   723 | D        | Reached XP level 8. HP: 74/74 MP: 8/8
   789 | D        | Noticed a deep elf pyromancer
   789 | D        | Noticed a brown ugly thing
   789 | D        | Noticed a white ugly thing
   789 | D        | Noticed a deep elf pyromancer
   789 | D        | Noticed a manticore
   800 | D        | Killed a deep elf pyromancer
   800 | D        | Reached ***** piety under Trog
   811 | D        | Killed a cyan ugly thing
   812 | D        | Gained mutation: A demonic guardian rushes to your aid.
                  | [demonic ancestry]
   812 | D        | Reached XP level 9. HP: 57/82 MP: 9/9
   818 | D        | HP: 2/82 [cyan ugly thing (10)]
   818 | D        | Mangled by a cyan ugly thing

Illustrated notes

Levels and vault maps discovered:
D:        linesprint [early_d, line_temple, items_1, d_10, items_2, lair_1,
          lair_end, items_3, orc_1, orc_end, items_4, d_15, swamp_1, shoals_1,
          snake_1, spider_1, d_20, vaults_1, items_5, swamp_end, shoals_end,
          snake_end, spider_end, vaults_end, d_27, items_6, zot_1, zot_end,
          crypt_end, forest_end, elf_end, slime_end, tomb_end, abyss_end,
          pan_hell_end]

Skill      XL: |  1  2  3  4  5  6  7  8 |
---------------+-------------------------+-----
Long Blades    | 4 6 7 10 12 | 12.6
Armour         | 2 3 5 6 |  6.3
Dodging        | 2 3 5 6 |  6.6
Fighting       | 4 6 7 10 12 | 12.0
Stealth        | 1 2 3 |  3.4

Action                   |  1- 3 |  4- 6 |  7- 9 || total
-------------------------+-------+-------+-------++-------
Melee: Falchion          |    19 |    15 |    48 ||    82
       Kick              |       |     3 |       ||     3
Invok: Berserk           |     1 |     2 |     2 ||     5
 Stab: Sleeping          |     1 |       |       ||     1
Armor: Animal skin       |     2 |     1 |       ||     3
       Scale mail        |       |       |     7 ||     7
Dodge: Dodged            |    11 |     5 |     7 ||    23
       Rpst.: Falchion   |     4 |     1 |     1 ||     6

Table legend: (Time is in decaauts)
 A = Elapsed time spent in this place.
 B = Non-inter-level travel time spent in this place.
 C = Inter-level travel time spent in this place.
 D = Time resting spent in this place.
 E = Time spent auto-exploring this place.
 F = Levels seen in this place.
 G = Mean time per level.
                   A        B        C        D        E       F      G
               +--------+--------+--------+--------+--------+-----+--------+
         Total |    831 |    831 |      0 |    628 |     19 |   1 |  831.0 |
       Dungeon |    831 |    831 |      0 |    628 |     19 |   1 |  831.0 |
               +--------+--------+--------+--------+--------+-----+--------+

Top non-repeatable levels by time:
       D: 831 daAuts
